WCHLSIM.com - West Coast Hockey League
html PUBLIC "-//W3C//DTD XHTML 1.0 Transitional//EN" "http://www.w3.org/TR/xhtml1/DTD/xhtml1-transitional.dtd"> WCHL - Game 134 - BOISE CARIBOUS vs CALGARY FIREMEN

BOISE CARIBOUS vs CALGARY FIREMEN

Created - 31 octobre 2022 at 22:34

Goals
1 2 3 T
BOISE CARIBOUS 0 3 1 4
CALGARY FIREMEN 0 0 0 0
Shots
1 2 3 T
BOISE CARIBOUS 13 18 6 37
CALGARY FIREMEN 9 12 4 25

1st period

No Goal

Penalties :
Shayne Gostisbehere (CGY) for Cross-checking (Minor) at 0:41

2nd period

1. BOISE CARIBOUS , Dmitry Kulikov 1 (Jean-Gabriel Pageau 2, Lawson Crouse 3) at 1:54
2. BOISE CARIBOUS , Lawson Crouse 1 (Jean-Gabriel Pageau 3, Rasmus Dahlin 2) at 8:20 (PP)
3. BOISE CARIBOUS , Andre Burakovsky 3 (Charlie Coyle 4) at 9:35

Penalties :
Gustav Lindstrom (CGY) for Tripping (Minor) at 7:24

3rd period

4. BOISE CARIBOUS , Tim Stutzle 4 (Andre Burakovsky 4, Nick Schmaltz 2) at 4:03 (PP)

Penalties :
Chad Ruhwedel (BOI) for Hooking (Minor) at 1:28, Yakov Trenin (CGY) for Elbowing (Minor) at 3:29, Moritz Seider (BOI) for Roughing (Minor) at 13:06

Goalie Stats

Ilya Sorokin (BOI), 25 saves from 25 shots - (1,000), W, 2-3-2, 60:00 minutes
Vitek Vanecek (CGY), 33 saves from 37 shots - (0,892), L, 5-3-0, 60:00 minutes

Players Stats for BOISE CARIBOUS

Player Name              G  A  P  +/- PIM S  H  SB GA TA FO     MP     PP MP  PK MP  
------------------------------------------------------------------------------------
Andre Burakovsky         1  1  2   1  0   8  1  0  0  0  1/4    21:50   2:13   0:00 
Artturi Lehkonen         0  0  0   0  0   2  0  0  0  0  0/3    15:41   0:00   2:08 
Chad Ruhwedel            0  0  0   0  2   1  1  0  0  0  0/0    15:41   0:00   1:03 
Charlie Coyle            0  1  1   1  0   0  2  0  0  0  10/25  21:22   1:16   0:29 
Danton Heinen            0  0  0   1  0   4  0  0  0  0  0/1    15:51   1:48   0:00 
Dmitry Kulikov           1  0  1   2  0   1  2  0  0  0  0/0    20:37   0:00   2:06 
Dylan DeMelo             0  0  0   0  0   0  2  1  0  0  0/0    16:15   0:00   1:36 
Jean-Gabriel Pageau      0  2  2   1  0   2  2  0  0  0  14/22  17:09   1:16   1:50 
Jesperi Kotkaniemi       0  0  0   0  0   0  0  0  0  0  2/9     6:59   0:00   1:39 
Lawson Crouse            1  1  2   1  0   4  1  0  0  0  0/2    15:19   1:16   0:00 
Michael Raffl            0  0  0   0  0   0  0  0  0  0  0/0     5:20   0:00   0:00 
Moritz Seider            0  0  0   0  2   1  0  0  0  0  0/0    22:01   1:21   1:18 
Nick Schmaltz            0  1  1   1  0   9  0  0  0  0  0/1    21:50   2:13   0:00 
Oliver Kylington         0  0  0   2  0   0  1  1  0  0  0/0    20:40   2:08   0:01 
Rasmus Dahlin            0  1  1   0  0   0  1  1  0  0  0/0    22:56   1:41   1:52 
Stefan Noesen            0  0  0   0  0   2  1  0  0  0  0/0     5:20   0:00   0:00 
Tim Stutzle              1  0  1   0  0   1  0  1  0  0  6/17   15:46   2:13   0:00 
Zach Parise              0  0  0   0  0   2  1  0  0  0  0/0    15:23   0:00   1:50 

Players Stats for CALGARY FIREMEN

Player Name              G  A  P  +/- PIM S  H  SB GA TA FO     MP     PP MP  PK MP  
------------------------------------------------------------------------------------
Adam Henrique            0  0  0  -1  0   1  0  0  0  0  12/21  19:02   1:53   0:00 
Alex Goligoski           0  0  0   0  0   0  0  0  0  0  0/0    20:47   2:05   2:09 
Andreas Athanasiou       0  0  0  -1  0   3  0  0  0  0  0/2    19:14   2:05   0:00 
Brett Howden             0  0  0   0  0   0  0  0  0  0  6/12    6:52   0:00   2:03 
Filip Forsberg           0  0  0  -1  0   3  0  1  0  0  0/1    18:54   2:05   0:00 
Gustav Forsling          0  0  0  -2  0   1  2  1  0  0  0/0    22:43   1:53   0:00 
Gustav Lindstrom         0  0  0   0  2   0  3  1  0  0  0/0    16:29   0:00   1:20 
Jack Drury               0  0  0   0  0   2  1  0  0  0  18/25  15:12   0:00   1:26 
Jakob Silfverberg        0  0  0  -1  0   3  0  0  0  0  1/1    20:08   1:53   1:26 
Jordan Oesterle          0  0  0  -2  0   0  0  0  0  0  0/0    19:24   2:05   1:13 
Marc-Edouard Vlasic      0  0  0   0  0   0  1  2  0  0  0/0    17:26   0:00   2:16 
Mattias Janmark-Nylen    0  0  0   0  0   2  0  1  0  0  0/2    13:46   0:00   0:00 
Oskar Lindblom           0  0  0   0  0   1  0  0  0  0  1/1     5:23   0:00   0:34 
Ryan Johansen            0  0  0  -1  0   4  1  0  0  0  12/16  18:54   2:05   0:00 
Sam Gagner               0  0  0   0  0   1  0  0  0  0  0/0    13:46   0:00   0:00 
Shayne Gostisbehere      0  0  0   0  2   3  0  1  0  0  0/0    23:09   1:53   0:00 
Sonny Milano             0  0  0  -1  0   0  1  1  0  0  1/3    19:02   1:53   0:00 
Yakov Trenin             0  0  0   0  2   1  0  0  0  0  0/0     6:17   0:00   1:29 

3 Stars

1 - Ilya Sorokin (BOI)
2 - Andre Burakovsky (BOI)
3 - Lawson Crouse (BOI)

Power Play

BOISE CARIBOUS - 2 on 3 Attempt(s) - 66,67%
CALGARY FIREMEN - 0 on 2 Attempt(s) - 0,00%

Penalty Kill

BOISE CARIBOUS - 2 on 2 Attempt(s) - 100,00% - Score 0 goal in Penalty Kill
CALGARY FIREMEN - 1 on 3 Attempt(s) - 33,33% - Score 0 goal in Penalty Kill

Team Stat

BOISE CARIBOUS - Hits : 15 - Faceoff Wins : 33 - Blocked Shots : 4 - Penalty Minutes : 4
CALGARY FIREMEN - Hits : 9 - Faceoff Wins : 51 - Blocked Shots : 8 - Penalty Minutes : 6

Official

Referees : Frederick L'Ecuyer and Dean Morton
Linesman : Ryan Galloway and Derek Wahl

Game Notes

No Game Note

Finance

Level 1 -- Attendance: 6000 (100,00%) -- Ticket Income 870 000 $
Level 2 -- Attendance: 5000 (100,00%) -- Ticket Income 550 000 $
Level 3 -- Attendance: 2606 (86,87%) -- Ticket Income 156 360 $
Level 4 -- Attendance: 4497 (89,94%) -- Ticket Income 265 323 $
Luxury Box -- Attendance: 1000 (100,00%) -- Ticket Income 290 000 $
Game was played at the Larouche Stadium.
Total Attendance: 19103 (95,52%)
Total Ticket Income: 2 131 683 $
Other Expense: 21 317 $
Total Income: 2 110 366 $

BOISE CARIBOUS

5 vs 5 Forward 
   Center                   Left Wing                Right Wing               Time % Phy DF OF 
 1 Charlie Coyle            Andre Burakovsky         Nick Schmaltz            37     0   3  2  
 2 Tim Stutzle              Artturi Lehkonen         Zach Parise              27     0   3  2  
 3 Jean-Gabriel Pageau      Lawson Crouse            Danton Heinen            27     0   3  2  
 4 Jesperi Kotkaniemi       Michael Raffl            Stefan Noesen            9      0   4  1  

5 vs 5 Defense 
   Defense                  Defense                                           Time % Phy DF OF 
 1 Rasmus Dahlin            Moritz Seider                                     37     0   3  2  
 2 Oliver Kylington         Dmitry Kulikov                                    36     0   4  1  
 3 Dylan DeMelo             Chad Ruhwedel                                     27     0   4  1  
 4 Chad Ruhwedel            Moritz Seider                                     0      1   2  2  

PowerPlay Forward 
   Center                   Left Wing                Right Wing               Time % Phy DF OF 
 1 Tim Stutzle              Andre Burakovsky         Nick Schmaltz            55     0   1  4  
 2 Jean-Gabriel Pageau      Lawson Crouse            Charlie Coyle            45     1   1  3  

PowerPlay Defense
   Defense                  Defense                                           Time % Phy DF OF 
 1 Moritz Seider            Rasmus Dahlin                                     55     0   2  3  
 2 Oliver Kylington         Danton Heinen                                     45     0   2  3  

Penalty Kill 4 Players Forward 
   Center                   Wing                     Time % Phy DF OF 
 1 Jesperi Kotkaniemi       Artturi Lehkonen         55     1   3  1  
 2 Jean-Gabriel Pageau      Zach Parise              45     1   4  0  

Penalty Kill 4 Players Defense
   Defense                  Defense                  Time % Phy DF OF 
 1 Dmitry Kulikov           Dylan DeMelo             55     1   2  2  
 2 Moritz Seider            Chad Ruhwedel            45     1   2  2  

Penalty Kill - 3 Players Forward 
   Forward                                           Time % Phy DF OF 
 1 Jean-Gabriel Pageau                               55     1   3  1  
 2 Jesperi Kotkaniemi                                45     1   3  1  

Penalty Kill - 3 Players Defense
   Defense                  Defense                  Time % Phy DF OF 
 1 Chad Ruhwedel            Moritz Seider            55     1   2  2  
 2 Rasmus Dahlin            Dylan DeMelo             45     1   2  2  

4 vs 4 Forward 
   Center                   Wing                     Time % Phy DF OF 
 1 Jean-Gabriel Pageau      Lawson Crouse            55     1   2  2  
 2 Jesperi Kotkaniemi       Nick Schmaltz            45     1   2  2  

4 vs 4 Defense
   Defense                  Defense                  Time % Phy DF OF 
 1 Oliver Kylington         Chad Ruhwedel            55     1   2  2  
 2 Rasmus Dahlin            Moritz Seider            45     1   2  2  

Last Minutes Offensive
   Center                   Left Wing                Right Wing               Defense                  Defense                  
   Charlie Coyle            Andre Burakovsky         Nick Schmaltz            Rasmus Dahlin            Moritz Seider            

Last Minutes Defensive
   Center                   Left Wing                Right Wing               Defense                  Defense                  
   Jean-Gabriel Pageau      Jesperi Kotkaniemi       Andre Burakovsky         Chad Ruhwedel            Moritz Seider            

Goaltenders
Starting : Ilya Sorokin             
Backup : Antti Raanta             

Extra Forwards
Normal : Zach Parise, Jean-Gabriel Pageau, Tim Stutzle - PP : Lawson Crouse, Jean-Gabriel Pageau - PK : Charlie Coyle
Extra Defensemen
Normal : Oliver Kylington, Chad Ruhwedel, Dylan DeMelo - PP : Oliver Kylington - PK : Dmitry Kulikov, Rasmus Dahlin
Penalty Shots
Andre Burakovsky, Nick Schmaltz, Tim Stutzle, Charlie Coyle, Zach Parise
Custom OT Lines Forwards
Charlie Coyle, Andre Burakovsky, Nick Schmaltz, Michael Raffl, Jean-Gabriel Pageau, Zach Parise, Tim Stutzle, Artturi Lehkonen, Lawson Crouse, Jesperi Kotkaniemi
Custom OT Lines Defensemen
Moritz Seider, Rasmus Dahlin, Chad Ruhwedel, Dmitry Kulikov, Oliver Kylington

Scratches
Matt Duchene (Torn Left Knee Ligaments Injury), Rasmus Andersson (Back Surgery Injury)

CALGARY FIREMEN

5 vs 5 Forward 
   Center                   Left Wing                Right Wing               Time % Phy DF OF 
 1 Ryan Johansen            Jakob Silfverberg        Filip Forsberg           33     0   1  4  
 2 Adam Henrique            Sonny Milano             Andreas Athanasiou       32     0   2  3  
 3 Jack Drury               Mattias Janmark-Nylen    Sam Gagner               25     1   2  2  
 4 Brett Howden             Yakov Trenin             Oskar Lindblom           10     1   2  2  

5 vs 5 Defense 
   Defense                  Defense                                           Time % Phy DF OF 
 1 Gustav Forsling          Jordan Oesterle                                   33     1   1  3  
 2 Alex Goligoski           Shayne Gostisbehere                               32     1   1  3  
 3 Marc-Edouard Vlasic      Gustav Lindstrom                                  25     1   2  2  
 4 Gustav Forsling          Shayne Gostisbehere                               10     1   3  1  

PowerPlay Forward 
   Center                   Left Wing                Right Wing               Time % Phy DF OF 
 1 Ryan Johansen            Filip Forsberg           Andreas Athanasiou       50     0   0  5  
 2 Adam Henrique            Sonny Milano             Jakob Silfverberg        50     0   0  5  

PowerPlay Defense
   Defense                  Defense                                           Time % Phy DF OF 
 1 Gustav Forsling          Shayne Gostisbehere                               50     1   1  3  
 2 Alex Goligoski           Jordan Oesterle                                   50     1   1  3  

Penalty Kill 4 Players Forward 
   Center                   Wing                     Time % Phy DF OF 
 1 Jack Drury               Jakob Silfverberg        50     0   5  0  
 2 Brett Howden             Yakov Trenin             50     0   5  0  

Penalty Kill 4 Players Defense
   Defense                  Defense                  Time % Phy DF OF 
 1 Marc-Edouard Vlasic      Gustav Lindstrom         70     1   4  0  
 2 Alex Goligoski           Jordan Oesterle          30     1   4  0  

Penalty Kill - 3 Players Forward 
   Forward                                           Time % Phy DF OF 
 1 Jakob Silfverberg                                 50     0   5  0  
 2 Sam Gagner                                        50     0   5  0  

Penalty Kill - 3 Players Defense
   Defense                  Defense                  Time % Phy DF OF 
 1 Marc-Edouard Vlasic      Gustav Lindstrom         50     0   5  0  
 2 Alex Goligoski           Jordan Oesterle          50     0   5  0  

4 vs 4 Forward 
   Center                   Wing                     Time % Phy DF OF 
 1 Ryan Johansen            Filip Forsberg           50     1   1  3  
 2 Adam Henrique            Sonny Milano             50     1   1  3  

4 vs 4 Defense
   Defense                  Defense                  Time % Phy DF OF 
 1 Gustav Forsling          Shayne Gostisbehere      50     1   1  3  
 2 Alex Goligoski           Jordan Oesterle          50     1   1  3  

Last Minutes Offensive
   Center                   Left Wing                Right Wing               Defense                  Defense                  
   Ryan Johansen            Adam Henrique            Filip Forsberg           Gustav Forsling          Shayne Gostisbehere      

Last Minutes Defensive
   Center                   Left Wing                Right Wing               Defense                  Defense                  
   Adam Henrique            Filip Forsberg           Jakob Silfverberg        Gustav Forsling          Alex Goligoski           

Goaltenders
Starting : Vitek Vanecek            
Backup : Carey Price              

Extra Forwards
Normal : Brett Howden, Sonny Milano, Oskar Lindblom - PP : Brett Howden, Sonny Milano - PK : Oskar Lindblom
Extra Defensemen
Normal : Marc-Edouard Vlasic, Gustav Lindstrom, Alex Goligoski - PP : Marc-Edouard Vlasic - PK : Gustav Lindstrom, Alex Goligoski
Penalty Shots
Filip Forsberg, Ryan Johansen, Adam Henrique, Sonny Milano, Andreas Athanasiou
Custom OT Lines Forwards
Filip Forsberg, Ryan Johansen, Adam Henrique, Andreas Athanasiou, Jakob Silfverberg, Sonny Milano, Sam Gagner, Oskar Lindblom, Yakov Trenin, Jack Drury
Custom OT Lines Defensemen
Gustav Forsling, Shayne Gostisbehere, Alex Goligoski, Jordan Oesterle, Marc-Edouard Vlasic

Scratches
Jake McCabe (Strained Right Elbow Injury)

% Time on Ice - BOISE CARIBOUS

Lines # - Real PCT - Wanted PCT - Time Play
Normal Forward
1 - 37% - 37% - 19:37
2 - 26% - 27% - 13:33
3 - 27% - 27% - 14:03
4 - 10% - 9% - 5:20
Normal Defense
1 - 37% - 37% - 19:23
2 - 35% - 36% - 18:31
3 - 28% - 27% - 14:39
4 - 0% - 0% - 0:00
PP Forward
1 - 64% - 55% - 2:13
2 - 36% - 45% - 1:16
PP Defense
1 - 39% - 55% - 1:21
2 - 61% - 45% - 2:08
PK Forward
1 - 54% - 55% - 2:08
2 - 46% - 45% - 1:50
PK Defense
1 - 41% - 55% - 1:37
2 - 59% - 45% - 2:21
PK3 Forward
1 - 0% - 55%
2 - 0% - 45%
PK3 Defense
1 - 0% - 55%
2 - 0% - 45%
44 Forward
1 - 0% - 55%
2 - 0% - 45%
44 Defense
1 - 0% - 55%
2 - 0% - 45%
Last Minute Offensive  - 0:00
Last Minute Defensive  - 0:00
Total
Forward - 60:00
Defense - 60:00

% Time on Ice - CALGARY FIREMEN

Lines # - Real PCT - Wanted PCT - Time Play
Normal Forward
1 - 32% - 33% - 16:49
2 - 33% - 32% - 17:09
3 - 26% - 25% - 13:46
4 - 9% - 10% - 4:49
Normal Defense
1 - 31% - 33% - 16:06
2 - 31% - 32% - 16:33
3 - 29% - 25% - 15:10
4 - 9% - 10% - 4:44
PP Forward
1 - 53% - 50% - 2:05
2 - 47% - 50% - 1:53
PP Defense
1 - 47% - 50% - 1:53
2 - 53% - 50% - 2:05
PK Forward
1 - 41% - 50% - 1:26
2 - 59% - 50% - 2:03
PK Defense
1 - 65% - 70% - 2:16
2 - 35% - 30% - 1:13
PK3 Forward
1 - 0% - 50%
2 - 0% - 50%
PK3 Defense
1 - 0% - 50%
2 - 0% - 50%
44 Forward
1 - 0% - 50%
2 - 0% - 50%
44 Defense
1 - 0% - 50%
2 - 0% - 50%
Last Minute Offensive  - 0:00
Last Minute Defensive  - 0:00
Total
Forward - 60:00
Defense - 60:00

Play-by-Play

1st period


0:01 of 1st period - Ryan Johansen wins face-off versus Charlie Coyle in neutral zone.
0:29 of 1st period - Icing by Moritz Seider.
0:30 of 1st period - Adam Henrique wins face-off versus Charlie Coyle in BOISE CARIBOUS zone.
0:41 of 1st period - Shot by Nick Schmaltz.
0:41 of 1st period - Stopped by Vitek Vanecek without a rebound.
0:41 of 1st period - Minor Penalty to Shayne Gostisbehere for Cross-checking.
0:42 of 1st period - Jean-Gabriel Pageau wins face-off versus Brett Howden in CALGARY FIREMEN zone.
0:43 of 1st period - Shot by Danton Heinen.
0:43 of 1st period - Stopped by Vitek Vanecek without a rebound.
0:44 of 1st period - Jean-Gabriel Pageau wins face-off versus Jack Drury in CALGARY FIREMEN zone.
0:49 of 1st period - Shot by Danton Heinen.
0:49 of 1st period - Stopped by Vitek Vanecek without a rebound.
0:50 of 1st period - Tim Stutzle wins face-off versus Brett Howden in CALGARY FIREMEN zone.
0:50 of 1st period - Tim Stutzle is hit by Gustav Lindstrom.
0:52 of 1st period - Shot by Nick Schmaltz.
0:52 of 1st period - Stopped by Vitek Vanecek with a rebound.
1:02 of 1st period - Shot by Andre Burakovsky.
1:02 of 1st period - Stopped by Vitek Vanecek without a rebound.
1:03 of 1st period - Jack Drury wins face-off versus Jean-Gabriel Pageau in CALGARY FIREMEN zone.
1:03 of 1st period - Jack Drury is hit by Jean-Gabriel Pageau.
2:07 of 1st period - Shot by Andre Burakovsky.
2:07 of 1st period - Shot Misses the Net.
2:29 of 1st period - Shot by Moritz Seider.
2:29 of 1st period - Shot Misses the Net.
2:51 of 1st period - Shot by Jesperi Kotkaniemi.
2:51 of 1st period - Shot Blocked by Mattias Janmark-Nylen.
3:01 of 1st period - Shot by Stefan Noesen.
3:01 of 1st period - Stopped by Vitek Vanecek without a rebound.
3:02 of 1st period - Jean-Gabriel Pageau wins face-off versus Adam Henrique in CALGARY FIREMEN zone.
3:03 of 1st period - Shot by Danton Heinen.
3:03 of 1st period - Stopped by Vitek Vanecek without a rebound.
3:04 of 1st period - Jean-Gabriel Pageau wins face-off versus Adam Henrique in CALGARY FIREMEN zone.
4:28 of 1st period - Artturi Lehkonen is hit by Gustav Lindstrom and loses puck.
5:07 of 1st period - Off-side.
5:08 of 1st period - Charlie Coyle wins face-off versus Jack Drury in neutral zone.
5:18 of 1st period - Off-side.
5:19 of 1st period - Brett Howden wins face-off versus Charlie Coyle in neutral zone.
5:35 of 1st period - Shot by Nick Schmaltz.
5:35 of 1st period - Stopped by Vitek Vanecek without a rebound.
5:36 of 1st period - Jack Drury wins face-off versus Lawson Crouse in CALGARY FIREMEN zone.
5:41 of 1st period - Shot by Sam Gagner.
5:41 of 1st period - Stopped by Ilya Sorokin without a rebound.
5:42 of 1st period - Jack Drury wins face-off versus Charlie Coyle in BOISE CARIBOUS zone.
6:09 of 1st period - Oliver Kylington is hit by Jack Drury and loses puck.
7:16 of 1st period - Andre Burakovsky is hit by Ryan Johansen and loses puck.
7:24 of 1st period - Icing by Oliver Kylington.
7:25 of 1st period - Charlie Coyle wins face-off versus Adam Henrique in BOISE CARIBOUS zone.
8:03 of 1st period - Adam Henrique is hit by Charlie Coyle.
8:30 of 1st period - Lawson Crouse is hit by Gustav Lindstrom and loses puck.
8:37 of 1st period - Adam Henrique is hit by Lawson Crouse and loses puck.
9:14 of 1st period - Shot by Zach Parise.
9:14 of 1st period - Shot Blocked by Marc-Edouard Vlasic.
9:16 of 1st period - Shot by Moritz Seider.
9:16 of 1st period - Stopped by Vitek Vanecek without a rebound.
9:17 of 1st period - Jack Drury wins face-off versus Jesperi Kotkaniemi in CALGARY FIREMEN zone.
9:39 of 1st period - Shot by Sam Gagner.
9:39 of 1st period - Shot Misses the Net.
9:41 of 1st period - Shot by Sam Gagner.
9:41 of 1st period - Shot Misses the Net.
11:25 of 1st period - Shot by Shayne Gostisbehere.
11:25 of 1st period - Stopped by Ilya Sorokin without a rebound.
11:26 of 1st period - Jean-Gabriel Pageau wins face-off versus Jack Drury in BOISE CARIBOUS zone.
13:05 of 1st period - Shot by Andre Burakovsky.
13:05 of 1st period - Stopped by Vitek Vanecek with a rebound.
14:08 of 1st period - Shot by Yakov Trenin.
14:08 of 1st period - Stopped by Ilya Sorokin without a rebound.
14:09 of 1st period - Oskar Lindblom wins face-off versus Tim Stutzle in BOISE CARIBOUS zone.
14:25 of 1st period - Shot by Brett Howden.
14:25 of 1st period - Shot Misses the Net.
14:27 of 1st period - Shot by Oskar Lindblom.
14:27 of 1st period - Stopped by Ilya Sorokin without a rebound.
14:28 of 1st period - Ryan Johansen wins face-off versus Jesperi Kotkaniemi in BOISE CARIBOUS zone.
14:30 of 1st period - Filip Forsberg is hit by Rasmus Dahlin and loses puck.
14:39 of 1st period - Shot by Ryan Johansen.
14:39 of 1st period - Stopped by Ilya Sorokin with a rebound.
14:41 of 1st period - Shot by Filip Forsberg.
14:41 of 1st period - Deflect By Ryan Johansen.
14:41 of 1st period - Stopped by Ilya Sorokin without a rebound.
14:42 of 1st period - Sonny Milano wins face-off versus Jean-Gabriel Pageau in BOISE CARIBOUS zone.
15:07 of 1st period - Shot by Andreas Athanasiou.
15:07 of 1st period - Stopped by Ilya Sorokin without a rebound.
15:08 of 1st period - Ryan Johansen wins face-off versus Artturi Lehkonen in BOISE CARIBOUS zone.
15:18 of 1st period - Shot by Jakob Silfverberg.
15:18 of 1st period - Stopped by Ilya Sorokin with a rebound.
15:20 of 1st period - Shot by Filip Forsberg.
15:20 of 1st period - Shot Blocked by Dylan DeMelo.
15:38 of 1st period - Shot by Filip Forsberg.
15:38 of 1st period - Shot Hit the Post.
16:20 of 1st period - Shot by Jean-Gabriel Pageau.
16:20 of 1st period - Shot Misses the Net.
16:22 of 1st period - Shot by Danton Heinen.
16:22 of 1st period - Shot Misses the Net.
16:42 of 1st period - Shot by Jean-Gabriel Pageau.
16:42 of 1st period - Stopped by Vitek Vanecek without a rebound.
16:43 of 1st period - Adam Henrique wins face-off versus Charlie Coyle in CALGARY FIREMEN zone.
16:50 of 1st period - Shot by Nick Schmaltz.
16:50 of 1st period - Stopped by Vitek Vanecek with a rebound.
17:09 of 1st period - Icing by Dmitry Kulikov.
17:10 of 1st period - Charlie Coyle wins face-off versus Ryan Johansen in BOISE CARIBOUS zone.
17:15 of 1st period - Shot by Nick Schmaltz.
17:15 of 1st period - Shot Blocked by Shayne Gostisbehere.
17:19 of 1st period - Shot by Andre Burakovsky.
17:19 of 1st period - Stopped by Vitek Vanecek without a rebound.
17:20 of 1st period - Jean-Gabriel Pageau wins face-off versus Brett Howden in CALGARY FIREMEN zone.
19:15 of 1st period - Shot by Ryan Johansen.
19:15 of 1st period - Stopped by Ilya Sorokin without a rebound.
19:16 of 1st period - Jack Drury wins face-off versus Andre Burakovsky in BOISE CARIBOUS zone.
19:52 of 1st period - Off-side.
19:53 of 1st period - Jakob Silfverberg wins face-off versus Jesperi Kotkaniemi in neutral zone.
19:55 of 1st period - Filip Forsberg is hit by Stefan Noesen and loses puck.
Goals for this period are 0 for BOISE CARIBOUS vs 0 for CALGARY FIREMEN.
Shots for this period are 13 for BOISE CARIBOUS vs 9 for CALGARY FIREMEN.

2nd period


0:01 of 2nd period - Ryan Johansen wins face-off versus Charlie Coyle in neutral zone.
0:14 of 2nd period - Shot by Ryan Johansen.
0:14 of 2nd period - Shot Misses the Net.
0:16 of 2nd period - Shot by Filip Forsberg.
0:16 of 2nd period - Shot Misses the Net.
0:18 of 2nd period - Shot by Filip Forsberg.
0:18 of 2nd period - Deflect By Ryan Johansen.
0:18 of 2nd period - Shot Misses the Net.
0:20 of 2nd period - Shot by Gustav Forsling.
0:20 of 2nd period - Stopped by Ilya Sorokin without a rebound.
0:21 of 2nd period - Adam Henrique wins face-off versus Tim Stutzle in BOISE CARIBOUS zone.
0:26 of 2nd period - Shot by Adam Henrique.
0:26 of 2nd period - Shot Misses the Net.
1:12 of 2nd period - Icing by Rasmus Dahlin.
1:13 of 2nd period - Ryan Johansen wins face-off versus Tim Stutzle in BOISE CARIBOUS zone.
1:22 of 2nd period - Shot by Ryan Johansen.
1:22 of 2nd period - Shot Blocked by Tim Stutzle.
1:24 of 2nd period - Shot by Jakob Silfverberg.
1:24 of 2nd period - Stopped by Ilya Sorokin without a rebound.
1:25 of 2nd period - Jack Drury wins face-off versus Charlie Coyle in BOISE CARIBOUS zone.
1:30 of 2nd period - Shot by Sam Gagner.
1:30 of 2nd period - Shot Misses the Net.
1:44 of 2nd period - Shot by Mattias Janmark-Nylen.
1:44 of 2nd period - Stopped by Ilya Sorokin without a rebound.
1:45 of 2nd period - Jean-Gabriel Pageau wins face-off versus Filip Forsberg in BOISE CARIBOUS zone.
1:52 of 2nd period - Shot by Jean-Gabriel Pageau.
1:52 of 2nd period - Shot Blocked by Gustav Forsling.
1:54 of 2nd period - Shot by Dmitry Kulikov.
1:54 of 2nd period - Goal by Dmitry Kulikov - BOISE CARIBOUS : 1 - CALGARY FIREMEN : 0.
1:55 of 2nd period - Charlie Coyle wins face-off versus Jack Drury in neutral zone.
3:14 of 2nd period - Shot by Ryan Johansen.
3:14 of 2nd period - Stopped by Ilya Sorokin without a rebound.
3:15 of 2nd period - Adam Henrique wins face-off versus Tim Stutzle in BOISE CARIBOUS zone.
3:36 of 2nd period - Shot by Sonny Milano.
3:36 of 2nd period - Deflect By Adam Henrique.
3:36 of 2nd period - Stopped by Ilya Sorokin without a rebound.
3:37 of 2nd period - Ryan Johansen wins face-off versus Jesperi Kotkaniemi in BOISE CARIBOUS zone.
3:41 of 2nd period - Jakob Silfverberg is hit by Dmitry Kulikov.
4:05 of 2nd period - Shot by Jesperi Kotkaniemi.
4:05 of 2nd period - Deflect By Stefan Noesen.
4:05 of 2nd period - Shot Blocked by Marc-Edouard Vlasic.
4:13 of 2nd period - Shot by Stefan Noesen.
4:13 of 2nd period - Stopped by Vitek Vanecek with a rebound.
4:39 of 2nd period - Shot by Andre Burakovsky.
4:39 of 2nd period - Shot Misses the Net.
4:45 of 2nd period - Shot by Charlie Coyle.
4:45 of 2nd period - Shot Misses the Net.
4:47 of 2nd period - Shot by Moritz Seider.
4:47 of 2nd period - Shot Misses the Net.
5:01 of 2nd period - Shot by Charlie Coyle.
5:01 of 2nd period - Shot Blocked by Gustav Lindstrom.
5:03 of 2nd period - Shot by Andre Burakovsky.
5:03 of 2nd period - Shot Misses the Net.
5:05 of 2nd period - Shot by Nick Schmaltz.
5:05 of 2nd period - Stopped by Vitek Vanecek without a rebound.
5:06 of 2nd period - Adam Henrique wins face-off versus Lawson Crouse in CALGARY FIREMEN zone.
5:06 of 2nd period - Andreas Athanasiou is hit by Jean-Gabriel Pageau and loses puck.
5:18 of 2nd period - Lawson Crouse is hit by Gustav Forsling and loses puck.
5:21 of 2nd period - Shot by Lawson Crouse.
5:21 of 2nd period - Stopped by Vitek Vanecek without a rebound.
5:22 of 2nd period - Jack Drury wins face-off versus Tim Stutzle in CALGARY FIREMEN zone.
5:22 of 2nd period - Jack Drury is hit by Zach Parise.
5:40 of 2nd period - Shot by Mattias Janmark-Nylen.
5:40 of 2nd period - Stopped by Ilya Sorokin without a rebound.
5:41 of 2nd period - Jean-Gabriel Pageau wins face-off versus Sonny Milano in BOISE CARIBOUS zone.
5:46 of 2nd period - Shot by Lawson Crouse.
5:46 of 2nd period - Stopped by Vitek Vanecek without a rebound.
5:47 of 2nd period - Jean-Gabriel Pageau wins face-off versus Adam Henrique in CALGARY FIREMEN zone.
7:17 of 2nd period - Shot by Andre Burakovsky.
7:17 of 2nd period - Shot Misses the Net.
7:19 of 2nd period - Shot by Nick Schmaltz.
7:19 of 2nd period - Shot Misses the Net.
7:21 of 2nd period - Shot by Andre Burakovsky.
7:21 of 2nd period - Stopped by Vitek Vanecek with a rebound.
7:23 of 2nd period - Shot by Andre Burakovsky.
7:23 of 2nd period - Stopped by Vitek Vanecek without a rebound.
7:24 of 2nd period - Tim Stutzle wins face-off versus Ryan Johansen in CALGARY FIREMEN zone.
7:24 of 2nd period - Minor Penalty to Gustav Lindstrom for Tripping.
7:25 of 2nd period - Jack Drury wins face-off versus Andre Burakovsky in CALGARY FIREMEN zone.
7:31 of 2nd period - Icing by Rasmus Dahlin.
7:32 of 2nd period - Jack Drury wins face-off versus Tim Stutzle in BOISE CARIBOUS zone.
7:38 of 2nd period - Icing by Andre Burakovsky.
7:39 of 2nd period - Andre Burakovsky wins face-off versus Jack Drury in BOISE CARIBOUS zone.
7:44 of 2nd period - Shot by Nick Schmaltz.
7:44 of 2nd period - Stopped by Vitek Vanecek without a rebound.
7:45 of 2nd period - Jack Drury wins face-off versus Tim Stutzle in CALGARY FIREMEN zone.
7:45 of 2nd period - Jack Drury is hit by Andre Burakovsky.
8:01 of 2nd period - Shot by Nick Schmaltz.
8:01 of 2nd period - Stopped by Vitek Vanecek without a rebound.
8:02 of 2nd period - Jack Drury wins face-off versus Jean-Gabriel Pageau in CALGARY FIREMEN zone.
8:20 of 2nd period - Shot by Lawson Crouse.
8:20 of 2nd period - Goal by Lawson Crouse - BOISE CARIBOUS : 2 - CALGARY FIREMEN : 0.
8:21 of 2nd period - Brett Howden wins face-off versus Tim Stutzle in neutral zone.
8:24 of 2nd period - Shot by Gustav Forsling.
8:24 of 2nd period - Shot Misses the Net.
8:28 of 2nd period - Shot by Brett Howden.
8:28 of 2nd period - Shot Blocked by Oliver Kylington.
8:30 of 2nd period - Shot by Brett Howden.
8:30 of 2nd period - Shot Misses the Net.
8:32 of 2nd period - Shot by Gustav Forsling.
8:32 of 2nd period - Shot Misses the Net.
8:34 of 2nd period - Shot by Oskar Lindblom.
8:34 of 2nd period - Shot Misses the Net.
8:43 of 2nd period - Off-side.
8:44 of 2nd period - Ryan Johansen wins face-off versus Charlie Coyle in neutral zone.
8:50 of 2nd period - Jakob Silfverberg is hit by Dylan DeMelo and loses puck.
9:03 of 2nd period - Shot by Andre Burakovsky.
9:03 of 2nd period - Stopped by Vitek Vanecek without a rebound.
9:04 of 2nd period - Adam Henrique wins face-off versus Artturi Lehkonen in CALGARY FIREMEN zone.
9:06 of 2nd period - Icing by Andreas Athanasiou.
9:07 of 2nd period - Adam Henrique wins face-off versus Charlie Coyle in CALGARY FIREMEN zone.
9:35 of 2nd period - Shot by Andre Burakovsky.
9:35 of 2nd period - Goal by Andre Burakovsky - BOISE CARIBOUS : 3 - CALGARY FIREMEN : 0.
9:36 of 2nd period - Ryan Johansen wins face-off versus Tim Stutzle in neutral zone.
9:57 of 2nd period - Shot by Filip Forsberg.
9:57 of 2nd period - Stopped by Ilya Sorokin without a rebound.
9:58 of 2nd period - Charlie Coyle wins face-off versus Mattias Janmark-Nylen in BOISE CARIBOUS zone.
10:17 of 2nd period - Shot by Charlie Coyle.
10:17 of 2nd period - Shot Misses the Net.
11:27 of 2nd period - Shot by Jakob Silfverberg.
11:27 of 2nd period - Shot Misses the Net.
11:29 of 2nd period - Shot by Shayne Gostisbehere.
11:29 of 2nd period - Stopped by Ilya Sorokin without a rebound.
11:30 of 2nd period - Tim Stutzle wins face-off versus Adam Henrique in BOISE CARIBOUS zone.
11:30 of 2nd period - Tim Stutzle is hit by Sonny Milano.
11:57 of 2nd period - Shot by Zach Parise.
11:57 of 2nd period - Deflect By Tim Stutzle.
11:57 of 2nd period - Shot Misses the Net.
11:59 of 2nd period - Shot by Dmitry Kulikov.
11:59 of 2nd period - Shot Misses the Net.
12:01 of 2nd period - Shot by Oliver Kylington.
12:01 of 2nd period - Shot Misses the Net.
12:26 of 2nd period - Icing by Marc-Edouard Vlasic.
12:27 of 2nd period - Jean-Gabriel Pageau wins face-off versus Adam Henrique in CALGARY FIREMEN zone.
12:27 of 2nd period - Lawson Crouse is hit by Marc-Edouard Vlasic and loses puck.
12:33 of 2nd period - Icing by Marc-Edouard Vlasic.
12:34 of 2nd period - Adam Henrique wins face-off versus Jean-Gabriel Pageau in CALGARY FIREMEN zone.
12:58 of 2nd period - Shot by Filip Forsberg.
12:58 of 2nd period - Stopped by Ilya Sorokin with a rebound.
13:04 of 2nd period - Shot by Filip Forsberg.
13:04 of 2nd period - Shot Misses the Net.
14:20 of 2nd period - Shot by Oskar Lindblom.
14:20 of 2nd period - Shot Misses the Net.
14:22 of 2nd period - Shot by Shayne Gostisbehere.
14:22 of 2nd period - Stopped by Ilya Sorokin without a rebound.
14:23 of 2nd period - Jack Drury wins face-off versus Andre Burakovsky in BOISE CARIBOUS zone.
14:30 of 2nd period - Shot by Jack Drury.
14:30 of 2nd period - Stopped by Ilya Sorokin without a rebound.
14:31 of 2nd period - Charlie Coyle wins face-off versus Jack Drury in BOISE CARIBOUS zone.
14:39 of 2nd period - Icing by Mattias Janmark-Nylen.
14:40 of 2nd period - Tim Stutzle wins face-off versus Mattias Janmark-Nylen in CALGARY FIREMEN zone.
14:55 of 2nd period - Shot by Zach Parise.
14:55 of 2nd period - Stopped by Vitek Vanecek without a rebound.
14:56 of 2nd period - Adam Henrique wins face-off versus Nick Schmaltz in CALGARY FIREMEN zone.
15:33 of 2nd period - Shot by Nick Schmaltz.
15:33 of 2nd period - Shot Misses the Net.
15:35 of 2nd period - Shot by Nick Schmaltz.
15:35 of 2nd period - Shot Misses the Net.
15:46 of 2nd period - Icing by Alex Goligoski.
15:47 of 2nd period - Adam Henrique wins face-off versus Tim Stutzle in CALGARY FIREMEN zone.
15:56 of 2nd period - Shot by Zach Parise.
15:56 of 2nd period - Stopped by Vitek Vanecek without a rebound.
15:57 of 2nd period - Ryan Johansen wins face-off versus Danton Heinen in CALGARY FIREMEN zone.
16:17 of 2nd period - Shot by Jean-Gabriel Pageau.
16:17 of 2nd period - Stopped by Vitek Vanecek with a rebound.
16:19 of 2nd period - Shot by Danton Heinen.
16:19 of 2nd period - Shot Misses the Net.
17:05 of 2nd period - Shot by Tim Stutzle.
17:05 of 2nd period - Shot Blocked by Filip Forsberg.
17:15 of 2nd period - Shot by Artturi Lehkonen.
17:15 of 2nd period - Deflect By Tim Stutzle.
17:15 of 2nd period - Shot Misses the Net.
17:31 of 2nd period - Shot by Artturi Lehkonen.
17:31 of 2nd period - Stopped by Vitek Vanecek without a rebound.
17:32 of 2nd period - Charlie Coyle wins face-off versus Jack Drury in CALGARY FIREMEN zone.
17:49 of 2nd period - Off-side.
17:50 of 2nd period - Jesperi Kotkaniemi wins face-off versus Andreas Athanasiou in neutral zone.
18:01 of 2nd period - Shot by Rasmus Dahlin.
18:01 of 2nd period - Shot Blocked by Sonny Milano.
18:05 of 2nd period - Shot by Jesperi Kotkaniemi.
18:05 of 2nd period - Deflect By Michael Raffl.
18:05 of 2nd period - Shot Misses the Net.
18:26 of 2nd period - Shot by Andreas Athanasiou.
18:26 of 2nd period - Stopped by Ilya Sorokin without a rebound.
18:27 of 2nd period - Jack Drury wins face-off versus Charlie Coyle in BOISE CARIBOUS zone.
18:27 of 2nd period - Jack Drury is hit by Oliver Kylington.
19:53 of 2nd period - Shot by Artturi Lehkonen.
19:53 of 2nd period - Stopped by Vitek Vanecek with a rebound.
19:55 of 2nd period - Shot by Chad Ruhwedel.
19:55 of 2nd period - Stopped by Vitek Vanecek with a rebound.
Goals for this period are 3 for BOISE CARIBOUS vs 0 for CALGARY FIREMEN.
Shots for this period are 18 for BOISE CARIBOUS vs 12 for CALGARY FIREMEN.

3rd period


0:01 of 3rd period - Jean-Gabriel Pageau wins face-off versus Adam Henrique in neutral zone.
0:40 of 3rd period - Icing by Shayne Gostisbehere.
0:41 of 3rd period - Charlie Coyle wins face-off versus Andreas Athanasiou in CALGARY FIREMEN zone.
0:42 of 3rd period - Shot by Nick Schmaltz.
0:42 of 3rd period - Shot Misses the Net.
1:28 of 3rd period - Minor Penalty to Chad Ruhwedel for Hooking.
1:29 of 3rd period - Ryan Johansen wins face-off versus Jesperi Kotkaniemi in BOISE CARIBOUS zone.
1:49 of 3rd period - Ryan Johansen is hit by Dylan DeMelo and loses puck.
3:29 of 3rd period - Minor Penalty to Yakov Trenin for Elbowing.
3:30 of 3rd period - Tim Stutzle wins face-off versus Brett Howden in CALGARY FIREMEN zone.
3:59 of 3rd period - Shot by Andre Burakovsky.
3:59 of 3rd period - Shot Hit the Post.
4:01 of 3rd period - Shot by Andre Burakovsky.
4:01 of 3rd period - Stopped by Vitek Vanecek with a rebound.
4:03 of 3rd period - Shot by Tim Stutzle.
4:03 of 3rd period - Goal by Tim Stutzle - BOISE CARIBOUS : 4 - CALGARY FIREMEN : 0.
4:04 of 3rd period - Jack Drury wins face-off versus Jesperi Kotkaniemi in neutral zone.
4:15 of 3rd period - Shot by Jesperi Kotkaniemi.
4:15 of 3rd period - Shot Misses the Net.
4:32 of 3rd period - Icing by Gustav Forsling.
4:33 of 3rd period - Jack Drury wins face-off versus Charlie Coyle in CALGARY FIREMEN zone.
5:53 of 3rd period - Shot by Lawson Crouse.
5:53 of 3rd period - Shot Misses the Net.
7:07 of 3rd period - Shot by Andreas Athanasiou.
7:07 of 3rd period - Stopped by Ilya Sorokin without a rebound.
7:08 of 3rd period - Jesperi Kotkaniemi wins face-off versus Brett Howden in BOISE CARIBOUS zone.
7:18 of 3rd period - Yakov Trenin is hit by Dmitry Kulikov and loses puck.
8:19 of 3rd period - Shot by Jack Drury.
8:19 of 3rd period - Stopped by Ilya Sorokin without a rebound.
8:20 of 3rd period - Tim Stutzle wins face-off versus Sonny Milano in BOISE CARIBOUS zone.
8:38 of 3rd period - Shot by Zach Parise.
8:38 of 3rd period - Shot Misses the Net.
9:30 of 3rd period - Shot by Nick Schmaltz.
9:30 of 3rd period - Shot Misses the Net.
9:44 of 3rd period - Gustav Lindstrom is hit by Chad Ruhwedel and loses puck.
10:27 of 3rd period - Shot by Jean-Gabriel Pageau.
10:27 of 3rd period - Shot Misses the Net.
11:04 of 3rd period - Icing by Oliver Kylington.
11:05 of 3rd period - Brett Howden wins face-off versus Jean-Gabriel Pageau in BOISE CARIBOUS zone.
11:11 of 3rd period - Off-side.
11:12 of 3rd period - Charlie Coyle wins face-off versus Brett Howden in neutral zone.
11:20 of 3rd period - Icing by Alex Goligoski.
11:21 of 3rd period - Brett Howden wins face-off versus Charlie Coyle in CALGARY FIREMEN zone.
11:36 of 3rd period - Shot by Nick Schmaltz.
11:36 of 3rd period - Stopped by Vitek Vanecek without a rebound.
11:37 of 3rd period - Ryan Johansen wins face-off versus Tim Stutzle in CALGARY FIREMEN zone.
11:54 of 3rd period - Shot by Jakob Silfverberg.
11:54 of 3rd period - Deflect By Filip Forsberg.
11:54 of 3rd period - Stopped by Ilya Sorokin without a rebound.
11:55 of 3rd period - Jack Drury wins face-off versus Charlie Coyle in BOISE CARIBOUS zone.
12:37 of 3rd period - Shot by Nick Schmaltz.
12:37 of 3rd period - Shot Misses the Net.
13:06 of 3rd period - Minor Penalty to Moritz Seider for Roughing.
13:07 of 3rd period - Adam Henrique wins face-off versus Jesperi Kotkaniemi in BOISE CARIBOUS zone.
13:08 of 3rd period - Shot by Sonny Milano.
13:08 of 3rd period - Shot Misses the Net.
13:40 of 3rd period - Shot by Jakob Silfverberg.
13:40 of 3rd period - Stopped by Ilya Sorokin without a rebound.
13:41 of 3rd period - Jean-Gabriel Pageau wins face-off versus Ryan Johansen in BOISE CARIBOUS zone.
13:52 of 3rd period - Shot by Ryan Johansen.
13:52 of 3rd period - Shot Blocked by Rasmus Dahlin.
15:20 of 3rd period - Shot by Lawson Crouse.
15:20 of 3rd period - Stopped by Vitek Vanecek without a rebound.
15:21 of 3rd period - Brett Howden wins face-off versus Charlie Coyle in CALGARY FIREMEN zone.
15:21 of 3rd period - Oskar Lindblom is hit by Charlie Coyle and loses puck.
15:46 of 3rd period - Shot by Nick Schmaltz.
15:46 of 3rd period - Stopped by Vitek Vanecek without a rebound.
15:47 of 3rd period - Jean-Gabriel Pageau wins face-off versus Adam Henrique in CALGARY FIREMEN zone.
16:13 of 3rd period - Lawson Crouse is hit by Gustav Forsling and loses puck.
16:22 of 3rd period - Icing by Gustav Forsling.
16:23 of 3rd period - Adam Henrique wins face-off versus Artturi Lehkonen in CALGARY FIREMEN zone.
18:23 of 3rd period - Off-side.
18:24 of 3rd period - Brett Howden wins face-off versus Jean-Gabriel Pageau in neutral zone.
18:26 of 3rd period - Off-side.
18:27 of 3rd period - Jack Drury wins face-off versus Jean-Gabriel Pageau in neutral zone.
18:49 of 3rd period - Icing by Gustav Forsling.
18:50 of 3rd period - Jack Drury wins face-off versus Charlie Coyle in CALGARY FIREMEN zone.
19:13 of 3rd period - Off-side.
19:14 of 3rd period - Ryan Johansen wins face-off versus Jean-Gabriel Pageau in neutral zone.
19:21 of 3rd period - Shot by Ryan Johansen.
19:21 of 3rd period - Shot Misses the Net.
19:24 of 3rd period - Icing by Dmitry Kulikov.
19:25 of 3rd period - Jean-Gabriel Pageau wins face-off versus Adam Henrique in BOISE CARIBOUS zone.
19:52 of 3rd period - Shot by Danton Heinen.
19:52 of 3rd period - Stopped by Vitek Vanecek without a rebound.
19:53 of 3rd period - Charlie Coyle wins face-off versus Ryan Johansen in CALGARY FIREMEN zone.
19:58 of 3rd period - Shot by Nick Schmaltz.
19:58 of 3rd period - Deflect By Andre Burakovsky.
19:58 of 3rd period - Shot Misses the Net.
Goals for this period are 1 for BOISE CARIBOUS vs 0 for CALGARY FIREMEN.
Shots for this period are 6 for BOISE CARIBOUS vs 4 for CALGARY FIREMEN.


JOHNNY
GAUDREAU
MATTHEW
BOLDY
OWEN
TIPPETT

EAST COAST

HOCKEY LEAGUE

  • 29.PIT6MAN7
  • 30.ATL6NHW2
  • 31.WOR4PET3
  • 32.3RHI4
  • 33.CHIQUE
  • 34.LIMCHA
  • 35.LONTRV
  • 36.BALCHW